 Dungeon Crawl Stone Soup version 0.28-a0-915-gcd63401287 (webtiles) character file.

Game seed: 2800388982325895774

175 wakim the Chucker (level 5, -1/53 HPs)
             Began as a Troll Hunter on Nov 25, 2021.
             Slain by a gnoll shaman (4 damage)
             ... on level 3 of the Dungeon.
             The game lasted 00:04:35 (2372 turns).

wakim the Chucker (Troll Hunter)                    Turns: 2372, Time: 00:04:36

Health: -1/53      AC:  4    Str: 20    XL:     5   Next: 29%
Magic:  4/4        EV:  9    Int: 13    God:
Gold:   140        SH:  0    Dex: 11    Spells: 4/4 levels left

rFire   + . .      SeeInvis .     - Unarmed
rCold   + . .      Faith    .   (no shield)
rNeg    . . .      Spirit   .   b - +0 robe
rPois   .          Reflect  .   (helmet restricted)
rElec   .          Harm     .   f - scarf {rC+ rF+}
rCorr   .          Rampage  .   (gloves unavailable)
Will    .....                   (boots unavailable)
Stlth   +.........              (no amulet)
HPRegen 0.97/turn               k - +6 ring of intelligence
MPRegen 0.09/turn               (no ring)

@: weak-willed
A: large, unfitting armour, claws 3, regeneration 1, shaggy fur 1, tough skin 1
a: no special abilities


You were on level 3 of the Dungeon.
You visited 1 branch of the dungeon, and saw 3 of its levels.

You collected 140 gold pieces.

Inventory:

Missiles
 c - 5 large rocks (quivered) {=f}
 d - 2 throwing nets {=f!f}
Armour
 b - a +0 robe (worn)
 f - a scarf of resistance (worn)
Jewellery
 k - a +6 ring of intelligence (left claw)
Wands
 v - a wand of flame (3)
Scrolls
 e - 2 scrolls of identify {unknown}
 g - a scroll of blinking {unknown}
 h - 2 scrolls of teleportation {unknown}
 V - 3 scrolls of vulnerability {!r!r}
 Z - 2 scrolls of silence {!r}
Potions
 i - a potion of brilliance {unknown}
 j - a potion of degeneration {unknown}
 l - a potion of attraction {unknown}
 m - a potion of berserk rage {unknown}


   Skills:
 * Level 3.4 Fighting
 - Level 3.6 Throwing
 - Level 1.5 Dodging
 - Level 0.3 Stealth
 * Level 3.4 Unarmed Combat


You had 4 spell levels left.
You didn't know any spells.
Your spell library was empty.

Dungeon Overview and Level Annotations

Branches:
Dungeon (3/15)

Altars:
Dithmenos
Hepliaklqana


Innate Abilities, Weirdness & Mutations

You are too large for most types of armour.
You have claws for hands.
Your natural rate of healing is unusually fast.
You are covered in fur. (AC +1)
You have tough skin. (AC +1)


Message History

* * * LOW HITPOINT WARNING * * *
The gnoll shaman prays to its god.
The gnoll shaman is healed somewhat.
You open the door.
The gnoll shaman prays to its god.
The gnoll shaman is healed somewhat.
There is an open door here.
You see here 5 gold pieces.
You now have 140 gold pieces (gained 5).
The gnoll hits you from afar with a +0 halberd!
* * * LOW HITPOINT WARNING * * *
The gnoll shaman hits you with a +0 club.
* * * LOW HITPOINT WARNING * * *
You are no longer glowing.
The gnoll hits you from afar with a +0 halberd.
* * * LOW HITPOINT WARNING * * *
The gnoll barely misses you. The gnoll shaman closely misses you.
You open the door.
The gnoll hits you from afar with a +0 halberd.
* * * LOW HITPOINT WARNING * * *
The gnoll hits you from afar with a +0 halberd!
* * * LOW HITPOINT WARNING * * *
There is an open door, spattered with blood here.
The gnoll is no longer moving quickly.
You see here a +0 battleaxe.
Okay, then.
As you read the scroll labelled QIR KITSOAG, it crumbles to dust.
Magic quickly surges around you.
It was a scroll of vulnerability.
V - 3 scrolls of vulnerability The gnoll shaman hits you with a +0 club!
* * * LOW HITPOINT WARNING * * *
You completely miss the gnoll shaman.
The gnoll shaman is moderately wounded.
You closely miss the gnoll shaman.
The gnoll shaman is moderately wounded.
The gnoll shaman closely misses you. The gnoll hits you but does no damage.
You claw the gnoll shaman!
The gnoll shaman is severely wounded.
The gnoll shaman hits you with a +0 club.
You die...

.....#......#.##.##########
#.#..##.....#g##..........#
............#g###########.#
#.#.##.....[#.# #'#
....###.....#.#
♣♣♣♣♣♣.♣♣♣♣♣♣ #..##
#######.# ♣...........♣
..## #......####
♣...........♣ .##
###.######..# ♣..#######..♣
.#####.#.# #@# ♣..# .♣
....#..#g## #g##♣..# ♣#
###.#.##..# #g.'g..# +
#..[###.# #..#♣..# #
###[...##.## ####♣..# #
#.....g....###### ♣..# #
##....####..#...###♣... #
R#....# ##.#.#...#♣.... #
###...# #.#.###.#♣♣♣♣♣♣ #


You could see a gnoll shaman (weak-willed) and a gnoll.

Vanquished Creatures
  Crazy Yiuf (D:2)
  Jessica (D:2)
  6 gnolls
  An adder (D:3)
  A worm (D:2)
  A dart slug (D:3)
  5 orcs (D:3)
  2 bats
  5 goblins
  6 hobgoblins
  A jackal (D:2)
  A kobold (D:1)
  2 quokkas
  5 ball pythons
  3 frilled lizards
  7 rats
48 creatures vanquished.

Notes
Turn   | Place    | Note
-------+----------+-------------------------------------------
     0 | D:1      | wakim the Troll Hunter began the quest for the Orb.
     0 | D:1      | Reached XP level 1. HP: 19/19 MP: 0/0
   332 | D:1      | Reached skill level 1 in Unarmed Combat
   495 | D:1      | Reached XP level 2. HP: 28/28 MP: 1/1
   933 | D:2      | Noticed Jessica
   937 | D:2      | Killed Jessica
   938 | D:2      | Reached XP level 3. HP: 34/36 MP: 2/2
  1178 | D:2      | Reached XP level 4. HP: 29/44 MP: 3/3
  1494 | D:2      | Found a runed translucent door.
  1495 | D:2      | Noticed Crazy Yiuf
  1507 | D:2      | Killed Crazy Yiuf
  1707 | D:3      | Reached XP level 5. HP: 52/53 MP: 4/4
  1915 | D:3      | Noticed a shadow
  1916 | D:3      | Found a shadowy altar of Dithmenos.
  1918 | D:3      | Found a hazy altar of Hepliaklqana.
  2369 | D:3      | HP: 1/53 [gnoll shaman (8)]
  2372 | D:3      | Slain by a gnoll shaman

Illustrated notes

Levels and vault maps discovered:
D:1:      dpeg_arrival_morbid_curiosity, layout_basic,
          minmay_misc_feat_diagonals, minmay_misc_feat_enclosed
D:2:      layout_loops_ring, serial_glass, glass_columns_b, glass_columns_a,
          minmay_pentomino_pile, uniq_crazy_yiuf_cottage, uniq_jessica
D:3:      layout_rooms, riverfiend_overflow_shadow_ancestor,
          serial_co_window_serial, co_window_paths_b,
          co_window_of_opportunity_a, co_window_of_opportunity_a,
          co_window_paths_a, co_window_corner_a, co_window_broadway_a,
          co_window_of_opportunity_b, co_window_unsneaky_path_b,
          co_window_unsneaky_path_e, co_window_corner_b,
          co_window_unsneaky_path_c, glass_columns_c, glass_columns_a,
          glass_columns_b, glass_columns_b, kennysheep_path_1,
          serial_bayou_pond_d

Skill      XL: |  1  2  3  4 |
---------------+-------------+-----
Unarmed Combat | 1 2 3 |  3.4
Fighting       | 2 3 |  3.4
Throwing       | |  3.6
Dodging        | |  1.5
Stealth        | |  0.3

Action                   |  1- 3 |  4- 6 || total
-------------------------+-------+-------++-------
Melee: Unarmed           |    89 |    80 ||   169
       Short sword       |     2 |       ||     2
       Punch             |       |     1 ||     1
Throw: Throwing net      |       |     1 ||     1
Evoke: Wand              |       |     3 ||     3
  Use: Scroll            |     1 |     1 ||     2
 Stab: Distracted        |     1 |       ||     1
       Sleeping          |       |     1 ||     1
Armor: Robe              |    19 |    19 ||    38
Dodge: Dodged            |    39 |    39 ||    78

Table legend: (Time is in decaauts)
 A = Elapsed time spent in this place.
 B = Non-inter-level travel time spent in this place.
 C = Inter-level travel time spent in this place.
 D = Time resting spent in this place.
 E = Time spent auto-exploring this place.
 F = Levels seen in this place.
 G = Mean time per level.
                   A        B        C        D        E       F      G
               +--------+--------+--------+--------+--------+-----+--------+
         Total |   2364 |   2290 |     74 |     21 |   1773 |   3 |  788.0 |
       Dungeon |   2364 |   2290 |     74 |     21 |   1773 |   3 |  788.0 |
               +--------+--------+--------+--------+--------+-----+--------+

Top non-repeatable levels by time:
     D:1: 931 daAuts
     D:2: 763 daAuts
     D:3: 669 daAuts
